 Dungeon Crawl Stone Soup version 0.20.0-10-g0535bb4 (webtiles) character file.

658 Manul the Ducker (level 7, 0/36 HPs)
             Began as a Spriggan Abyssal Knight on June 4, 2017.
             Was a Priest of Lugonu.
             Slain by a sky beast (1 damage)
             ... on level 5 of the Dungeon.
             The game lasted 00:07:54 (6955 turns).

Manul the Ducker (Spriggan Abyssal Knight)          Turns: 6955, Time: 00:07:55

Health: 0/36       AC:  2    Str:  8    XL:     7   Next: 30%
Magic:  9/9        EV: 20    Int: 16    God:    Lugonu [***...]
Gold:   265        SH:  9    Dex: 15    Spells: 2/6 levels left

rFire    . . .     SeeInvis +   g - +1 long sword (holy)
rCold    . . .     Gourm    .   p - +3 buckler {rN+}
rNeg     + . .     Faith    .   b - +0 robe
rPois    .         Spirit   .   (helmet restricted)
rElec    .         Reflect  .   (no cloak)
rCorr    .         Harm     +   (gloves unavailable)
MR       +....     Rnd*Tele +   (boots unavailable)
Stlth    +++.......             l - amulet of harm
Regen    0.2/turn               A - ring of teleportation (curse)
MPRegen  0.2/turn               (no ring)

@: very quick
A: unfitting armour, see invisible, herbivore 3, speed 3, slow metabolism 2
a: Depart the Abyss, Bend Space, Banish, Renounce Religion


You were on level 5 of the Dungeon.
You worshipped Lugonu.
Lugonu was most pleased with you.
You were not hungry.

You visited 1 branch of the dungeon, and saw 5 of its levels.
You visited the Abyss 1 time.

You collected 265 gold pieces.

Inventory:

Hand Weapons
 a - a +1 short sword
 g - a +1 long sword of holy wrath (weapon)
Armour
 b - a +0 robe (worn)
 p - a +3 buckler of positive energy (worn)
Magical Staves
 d - an uncursed staff of cold
 q - an uncursed staff of summoning
Jewellery
 l - an amulet of harm (around neck)
 n - an uncursed amulet of rage {unknown}
 A - a cursed ring of teleportation (left hand)
Wands
 h - a wand of disintegration (0/24)
 y - a wand of enslavement (17/24)
Scrolls
 j - a scroll of enchant weapon
 m - 2 scrolls of teleportation
 t - a scroll of magic mapping
 v - a scroll of recharging {unknown}
 x - 2 scrolls of identify
Potions
 i - 3 potions of heal wounds
 k - a potion of magic {unknown}
 r - a potion of degeneration {unknown}
 s - a potion of brilliance
 u - a potion of mutation {unknown}
 w - 2 potions of curing
 z - a potion of cancellation {unknown}
Books
 e - a book of Minor Magic

   Spells                             Type                      Level
   a - Magic Dart                     Conjuration                  1
   b - Blink                          Translocation                2
   c - Call Imp                       Summoning                    2
   d - Slow                           Hexes                        2
   e - Conjure Flame                  Conjuration/Fire             3
   f - Mephitic Cloud                 Conjuration/Poison/Air       3
Comestibles
 c - 2 bread rations
 f - a royal jelly
 o - 6 fruits


   Skills:
 + Level 3.3 Fighting
 - Level 2.5(3.8) Short Blades
 - Level 3.1(3.4) Long Blades
 + Level 5.5 Dodging
 * Level 4.6 Stealth
 - Level 2.6 Shields
 * Level 2.3 Invocations
 + Level 0.6 Evocations


You had 2 spell levels left.
You knew the following spells:

 Your Spells              Type           Power        Failure   Level  Hunger
a - Blink                 Tloc           N/A          45%         2    ###....
b - Call Imp              Summ           #.......     45%         2    ###....


Dungeon Overview and Level Annotations

Branches:
Dungeon (5/15)             Temple (0/1) D:4

Altars:
Cheibriados
Qazlal
Trog
Vehumet
Zin
The Shining One

Annotations:
D:5 Sigmund


Innate Abilities, Weirdness & Mutations

You are very small and have problems with some larger weapons.
You are too small for most types of armour.
You have supernaturally acute eyesight. (SInv)
You are a herbivore.
You cover ground extremely quickly.
You need consume almost no food.


Message History

You block the sky beast's attack.
You hit the sky beast.
The sky beast is almost dead.
The sky beast misses you.
You barely miss the sky beast.
The sky beast is almost dead.
You block the sky beast's attack. x2
You hit the sky beast.
The sky beast is almost dead.
The sky beast misses you.
You closely miss the sky beast.
The sky beast is almost dead.
The sky beast hits you.
* * * LOW HITPOINT WARNING * * *
The sky beast shocks you.
* * * LOW HITPOINT WARNING * * *
You barely miss the sky beast.
The sky beast is almost dead.
The sky beast hits you.
You die...

#......####+## #.....# ..#
#............# #.....# ..#
#............# #.....# ..+
#............# #.....# .?#
#............# #..>..# ..#
#.>..(.......# #.....#
.l##+##............#####.....#
...@Z....#######Y##.....######
....5....# #..@.#.....#
.........# #....#.....#
.........# #....#.....#
.........# #....#.....#
.........# #######.....######
#.......## #[....<....).....#
#....?..# #................#
#.......# #................#
#....$..# #................#


You could see a sky beast.

Vanquished Creatures
  2 ogres
  A water moccasin zombie (D:5)
  A hound (D:3)
  2 orc wizards (D:4)
  2 orc priests
  Jessica (D:3)
  An iguana (D:4)
  2 worker ants
  A hound skeleton (D:4)
  Robin (D:4)
  4 adders
  An ooze (D:5)
  2 worms
  6 dart slugs
  4 leopard geckos
  12 orcs
  5 giant cockroaches
  11 goblins
  10 hobgoblins
  3 jackals (D:4)
  2 ball pythons
  8 bats
  5 frilled lizards
  7 kobolds
  A quokka skeleton (D:4)
  9 rats
104 creatures vanquished.

Notes
Turn   | Place    | Note
-------+----------+-------------------------------------------
     0 | Abyss:1  | Manul the Spriggan Abyssal Knight began the quest for the Orb.
     0 | Abyss:1  | Reached XP level 1. HP: 11/11 MP: 3/3
    93 | Abyss:2  | Noticed a wretched star
   136 | Abyss:2  | Noticed a wretched star
   139 | D:1      | Escaped the Abyss
   148 | D:1      | Noticed a minotaur skeleton
   154 | D:1      | Noticed a minotaur skeleton
   330 | D:1      | Reached * piety under Lugonu
   399 | D:1      | Reached XP level 2. HP: 16/16 MP: 4/4
  1279 | D:1      | Reached skill level 1 in Long Blades
  1790 | D:2      | Reached XP level 3. HP: 15/19 MP: 5/5
  1794 | D:2      | Learned a level 2 spell: Blink
  2126 | D:2      | Found a bloodstained altar of Trog.
  2137 | D:2      | Found a glowing silver altar of Zin.
  2197 | D:2      | Reached ** piety under Lugonu
  2271 | D:3      | Found a snail-covered altar of Cheibriados.
  2589 | D:3      | Reached skill level 1 in Stealth
  2840 | D:3      | Noticed an ogre
  2855 | D:3      | Reached XP level 4. HP: 20/23 MP: 6/6
  2905 | D:3      | Killed an ogre
  2905 | D:3      | Reached skill level 4 in Dodging
  2905 | D:3      | Reached skill level 1 in Shields
  2905 | D:3      | Reached XP level 5. HP: 3/27 MP: 7/7
  3204 | D:3      | Found a stormy altar of Qazlal.
  3233 | D:3      | Noticed Jessica
  3241 | D:3      | Killed Jessica
  3414 | D:3      | Found a glowing golden altar of the Shining One.
  3934 | D:4      | Reached XP level 6. HP: 24/32 MP: 8/8
  4641 | D:4      | Noticed Robin
  4970 | D:3      | Reached *** piety under Lugonu
  5403 | D:4      | Killed Robin
  5913 | D:4      | Reached skill level 5 in Dodging
  5926 | D:4      | Learned a level 2 spell: Call Imp
  5974 | D:4      | Found a staircase to the Ecumenical Temple.
  6268 | D:4      | Found a radiant altar of Vehumet.
  6280 | D:4      | Reached XP level 7. HP: 19/36 MP: 9/9
  6760 | D:5      | Entered Level 5 of the Dungeon
  6817 | D:5      | Noticed Sigmund
  6954 | D:5      | HP: 1/36 [sky beast (6)]
  6955 | D:5      | Slain by a sky beast

Skill      XL: |  1  2  3  4  5  6  7 |
---------------+----------------------+-----
Long Blades    | 1 2 3 |  3.1
Stealth        | 1 2 3 4 |  4.6
Dodging        | 4 5 |  5.5
Shields        | 1 2 |  2.6
Fighting       | 3 |  3.3
Invocations    | 2 |  2.3
Short Blades   | |  2.5
Evocations     | |  0.6

Action                   |  1- 3 |  4- 6 |  7- 9 || total
-------------------------+-------+-------+-------++-------
Melee: Long sword        |   136 |   166 |    36 ||   338
Invok: Depart the Abyss  |     1 |       |       ||     1
Evoke: Wand              |       |     4 |       ||     4
  Use: Scroll            |       |    13 |     1 ||    14
       Potion            |       |     4 |       ||     4
 Stab: Sleeping          |     3 |     2 |       ||     5
       Distracted        |       |     1 |       ||     1
  Eat: Bread ration      |       |     1 |       ||     1
Armor: Robe              |     7 |     9 |     2 ||    18
Dodge: Dodged            |   111 |   185 |    29 ||   325
Block: Buckler           |    27 |    95 |    18 ||   140
       Rpst.: Long sword |    32 |    46 |    10 ||    88
